 Dungeon Sprint DCSS version 0.28.0-53-g5a82cb258f (webtiles) character file.

Game seed: 17751020359785125122

13710 cbfl8 the Executioner (level 11, -8/166 HPs)
             Began as a Minotaur Berserker on July 31, 2022.
             Was the Champion of Trog.
             Mangled by a lorocyproca (13 damage)
             ... in the Dungeon (Sprint I: "Red Sonja").
             The game lasted 00:15:00 (4402 turns).

cbfl8 the Executioner (Minotaur Berserker)          Turns: 4402, Time: 00:15:01

Health: -8/166     AC: 25    Str: 25    XL:     11   Next: 79%
Magic:  0/3        EV:  2    Int:  4    God:    Trog [******]
Gold:   757        SH:  5    Dex: 13    Spells: 10/10 levels left

rFire   . . .      SeeInvis .   l - +1 executioner's axe (antimagic)
rCold   . . .      Faith    .   (shield currently unavailable)
rNeg    . . .      Spirit   .   (armour currently unavailable)
rPois   +          Reflect  +   (helmet currently unavailable)
rElec   .          Harm     .   (cloak currently unavailable)
rCorr   .          Rampage  .   (gloves currently unavailable)
Will    .....      NoTele   +   (boots currently unavailable)
Stlth   +++.......              j - amulet of reflection
HPRegen 0.37/turn               (no ring)
MPRegen 0.08/turn               (no ring)

@: tree-form, on berserk cooldown, slowed, unable to read, very slow
A: stationary, stasis, torment immunity, boosted hp, (horns 2), (retaliatory
headbutt), (deformed body), frail 1, screaming 2, strong 1, no potion heal 2,
inability to read while threatened
a: Renounce Religion, Berserk, Trog's Hand, Brothers in Arms


You were in the Dungeon.
You worshipped Trog.
Trog was exalted by your worship.
You were a tree.
You visited 1 branch You collected 1854 gold pieces.
You spent 1097 gold pieces at shops.

Inventory:

Hand Weapons
 l - a +1 antimagic executioner's axe (weapon)
 p - a +1 vorpal shortbow
 q - a +0 longbow
 u - a +6 battleaxe
 x - the +2 war axe of Kot Guot {freeze, rElec Stlth+}
   (You found it in the Dungeon)

   It freezes those it strikes, dealing additional cold damage.
   It can also slow down cold-blooded creatures.
   rElec:     It insulates you from electricity.
   Stlth:     It makes you more stealthy.
Missiles
 m - 2 curare-tipped darts
 s - 45 arrows
Armour
 b - a +1 pair of boots of rampaging (melded)
 t - a +0 plate armour (melded)
Jewellery
 j - an amulet of reflection (around neck)
Scrolls
 h - 3 scrolls of blinking
 k - a scroll of enchant weapon
 r - a scroll of fear
 v - a scroll of summoning {unknown}
 w - a scroll of vulnerability {unknown}
Potions
 c - 3 potions of curing
 d - a potion of heal wounds
 e - 2 potions of haste
 f - 2 potions of magic
 g - a potion of berserk rage
 o - a potion of ambrosia


   Skills:
 * Level 19.7 Fighting
 * Level 21.0 Axes
 + Level 11.0 Armour
 * Level 11.5 Dodging
 + Level 4.8 Stealth
 + Level 1.2 Shields
 * Level 9.6 Evocations


You had 10 spell levels left.
You didn't know any spells.
Your spell library was empty.

Dungeon Overview and Level Annotations

Branches:
Dungeon (1/1)

Altars:
Cheibriados
Dithmenos
Elyvilon
Fedhas
Gozag
Hepliaklqana
Kikubaaqudgha
Makhleb
Nemelex Xobeh
Okawaru
Qazlal
Ru
Sif Muna
Trog
Uskayaw
Vehumet
Wu Jian
Xom
Yredelemnul
Zin
The Shining One
Jiyva
Lugonu

Shops:
D *(*(?:[(**[(([?((=*[(


Innate Abilities, Weirdness & Mutations

You are a tree.
Your roots penetrate the ground, keeping you stationary.
You cannot be teleported.
You are immune to unholy pain and torment.
Your maximum health is greatly increased.
Your equipment is partially melded.
((You have a pair of horns on your head.))
((You reflexively headbutt those who attack you in melee.))
((Armour fits poorly on your strangely shaped body.))
You are frail. (-10% HP)
You frequently scream uncontrollably at your foes.
Your muscles are strong. (Str +2)
Potions cannot restore your health.
You sometimes lose the ability to read scrolls when taking damage.


Message History

You are engulfed in noxious fumes.
You choke on the stench!
You are more confused.
You bump into the stone wall.
You feel a strong urge to attack something.
Something hits you!!
* * * LOW HITPOINT WARNING * * *
Something hits you!
* * * LOW HITPOINT WARNING * * *
You feel your anger nearly subside.
You are no longer berserk.
You are exhausted.
You feel yourself slow down.
There is an open door here.
You can read scrolls again.
You feel less confused.
You see here a +0 morningstar.
Something hits you but does no damage. Something hits you!!
You feel threatened and lose the ability to read scrolls!
* * * LOW HITPOINT WARNING * * *
You feel your power leaking away.
There is an open door, spattered with blood here.
You have no ailments to cure.
Really quaff the potion of lignification?
You turn into a tree.
Your +1 pair of boots of rampaging melds into your body.
Your +0 plate armour melds into your body.
You no longer feel able to rampage towards enemies.
Your roots penetrate the ground.
You can read scrolls again.
Something hits you but does no damage.
Okay, then.
You cannot be healed by potions.
You can't see any enemies this would affect, really read the scroll of fear?
Okay, then.
Okay, then.
Okay, then.
Okay, then.
Your deep troll goes berserk!
Something hits you!
You feel threatened and lose the ability to read scrolls!
You die...

#################################
#..'..#__#.)')..#.[#§§..)÷..§§)†.
').#..'..'..#...##'#§####÷§§..##.
#####'#__####..)♣§§#.#,*##§§§####
#...#)####.:#####{T§§#+*$###+#,,,
#..##)#§≈≈..#..##§####,.$#y#,**,,
##'#_.'≈§≈..'..#°..°.#..$###,,***
.'..._#≈§§§§#..#°°.○°'..$$$#*,*,*
##_.#'##'#####'###.○°#.....#,,***
###'#.#(.).###§'.#○○.###++##,**,,
###.#.##'###.###.#..##*,,***,,*+*
.'...'.....'.∩##.#..#***,,***,,,*


You could see a friendly deep troll (summoned, berserk).

Vanquished Creatures
  A hydra (D)
  2 centaur warriors (D)
  Sonja (D)
  A deep troll (D)
  A lindwurm (D)
  8 shining eyes (D)
  An oklob plant (D)
  A gargoyle (D)
  2 unseen horrors (D)
  4 demonic crawlers (D)
  2 kobold demonologists (D)
  A hornet (D)
  A slime creature (D)
  Sigmund (D)
  A yak (D)
  13 hogs (D)
  2 redbacks (D)
  7 floating eyes (D)
  7 necrophages (D)
  An ogre (D)
  8 jellies (D)
  Ijyb (D)
67 creatures vanquished.

Vanquished Creatures (others)
  2 ballistomycete spores (D)
2 creatures vanquished.

Grand Total: 69 creatures vanquished

Notes
Turn   | Place    | Note
-------+----------+-------------------------------------------
     0 | D        | cbfl8 the Minotaur Berserker began the quest for the Orb.
     0 | D        | Reached XP level 1. HP: 19/19 MP: 0/0
     2 | D        | Noticed Ijyb
    10 | D        | Killed Ijyb
    11 | D        | Reached skill level 5 in Fighting
    11 | D        | Reached skill level 5 in Axes
    11 | D        | Reached XP level 2. HP: 29/29 MP: 1/1
   113 | D        | Noticed a yak
   113 | D        | Found a glowing golden altar of the Shining One.
   113 | D        | Found an iron altar of Okawaru.
   113 | D        | Found a bloodstained altar of Trog.
   113 | D        | Found a blossoming altar of Fedhas.
   113 | D        | Found a stormy altar of Qazlal.
   113 | D        | Found an ancient bone altar of Kikubaaqudgha.
   113 | D        | Found a white marble altar of Elyvilon.
   113 | D        | Found a glowing silver altar of Zin.
   113 | D        | Found Neohe's Weapon Emporium.
   113 | D        | Found a hide-covered altar of Uskayaw.
   113 | D        | Found a hazy altar of Hepliaklqana.
   113 | D        | Found a snail-covered altar of Cheibriados.
   113 | D        | Found an opulent altar of Gozag.
   113 | D        | Found a sparkling altar of Nemelex Xobeh.
   114 | D        | Found a basalt altar of Yredelemnul.
   114 | D        | Found a shadowy altar of Dithmenos.
   114 | D        | Found a sacrificial altar of Ru.
   124 | D        | Killed a yak
   125 | D        | Reached skill level 8 in Axes
   125 | D        | Reached XP level 3. HP: 39/41 MP: 2/2
   125 | D        | Reached XP level 4. HP: 47/49 MP: 3/3
   125 | D        | Reached XP level 5. HP: 54/56 MP: 4/4
   237 | D        | Noticed an ogre
   242 | D        | Killed an ogre
   242 | D        | Reached ** piety under Trog
   243 | D        | Reached skill level 9 in Axes
   309 | D        | Noticed Sigmund
   316 | D        | Killed Sigmund
   317 | D        | Reached skill level 10 in Fighting
   317 | D        | Reached skill level 11 in Axes
   317 | D        | Reached skill level 5 in Armour
   317 | D        | Reached skill level 5 in Dodging
   317 | D        | Reached XP level 6. HP: 67/67 MP: 5/5
   368 | D        | Found an ornate altar of the Wu Jian Council.
   368 | D        | Found a shimmering blue altar of Sif Muna.
   370 | D        | Found a radiant altar of Vehumet.
   425 | D        | Found a burning altar of Makhleb.
   425 | D        | Found a viscous altar of Jiyva.
   425 | D        | Found a shimmering altar of Xom.
   425 | D        | Found a corrupted altar of Lugonu.
   425 | D        | Noticed a slime creature
   432 | D        | Killed a slime creature
   433 | D        | Reached skill level 12 in Axes
   433 | D        | Reached XP level 7. HP: 74/74 MP: 6/6
   497 | D        | Noticed a centaur warrior
   497 | D        | Noticed a centaur warrior
   504 | D        | Noticed Sonja
   510 | D        | Killed Sonja
   510 | D        | Reached *** piety under Trog
   511 | D        | Reached skill level 13 in Axes
   511 | D        | Reached skill level 5 in Evocations
   511 | D        | Reached XP level 8. HP: 58/86 MP: 7/7
   815 | D        | Noticed a deep troll
   827 | D        | Killed a deep troll
   828 | D        | Reached skill level 14 in Axes
  1214 | D        | Found Eniteo's General Store.
  1222 | D        | Bought a scroll of magic mapping for 42 gold pieces
  1222 | D        | Bought a +1 vorpal shortbow for 138 gold pieces
  1222 | D        | Bought a wand of paralysis (3) for 60 gold pieces
  1397 | D        | Killed a centaur warrior
  1398 | D        | Reached skill level 15 in Axes
  1398 | D        | Reached XP level 9. HP: 96/96 MP: 8/8
  1412 | D        | Killed a centaur warrior
  1413 | D        | Reached skill level 15 in Fighting
  1413 | D        | Reached skill level 16 in Axes
  1576 | D        | Found Qutweul's Armour Emporium.
  1612 | D        | Reached **** piety under Trog
  1625 | D        | Noticed an oklob plant
  1638 | D        | Killed an oklob plant
  2165 | D        | Paralysed by a floating eye for 2 turns
  2295 | D        | Reached XP level 10. HP: 87/107 MP: 9/9
  2297 | D        | Reached ***** piety under Trog
  2509 | D        | Reached skill level 17 in Axes
  2517 | D        | Received a gift from Trog
  2847 | D        | Identified the +2 war axe of Kot Guot {freeze, rElec
                  | Stlth+}
  2870 | D        | Found Meblo's Jewellery Boutique.
  2870 | D        | Found Xoufi Xaohogh's Antique Weapon Emporium.
  2870 | D        | Found Puagoph's Assorted Antiques.
  2872 | D        | Found Zaewug's Antique Weapon Boutique.
  2872 | D        | Found Naaw's Weapon Shoppe.
  2872 | D        | Found Wufoy's Magic Scroll Shop.
  2872 | D        | Found Kytatsin's Armour Emporium.
  2872 | D        | Found Xoitioma's Weapon Boutique.
  2872 | D        | Found Abioxozamm's Antique Weapon Shoppe.
  2872 | D        | Found Ulygg's Antique Armour Shop.
  2876 | D        | Found Jeifal's General Store.
  2877 | D        | Found Biugy's General Store.
  2877 | D        | Found Qapheytz's Weapon Shoppe.
  2878 | D        | Found Jaudi's Armour Shop.
  2879 | D        | Bought a scroll of identify for 24 gold pieces
  2886 | D        | Bought a potion of lignification for 39 gold pieces
  2888 | D        | Bought a +1 pair of boots of rampaging for 165 gold pieces
  2908 | D        | Bought an amulet of reflection for 330 gold pieces
  2955 | D        | Noticed a shining eye
  2955 | D        | Noticed a shining eye
  2955 | D        | Noticed a shining eye
  2955 | D        | Noticed a shining eye
  2955 | D        | Noticed a shining eye
  2955 | D        | Noticed a shining eye
  2955 | D        | Gained mutation: Armour fits poorly on your strangely
                  | shaped body. [a shining eye]
  2955 | D        | Gained mutation: You occasionally shout uncontrollably at
                  | your foes. [a shining eye]
  2956 | D        | Gained mutation: Potions are less effective at restoring
                  | your health. [a shining eye]
  2957 | D        | Paralysed by a floating eye for 3 turns
  2964 | D        | Reached ****** piety under Trog
  2964 | D        | Gained mutation: You frequently scream uncontrollably at
                  | your foes. [a shining eye]
  2966 | D        | Killed a shining eye
  2966 | D        | Killed a shining eye
  2967 | D        | Gained mutation: You sometimes lose the ability to read
                  | scrolls when taking damage. [a shining eye]
  2968 | D        | Killed a shining eye
  2968 | D        | Received a gift from Trog
  2969 | D        | Reached skill level 18 in Axes
  2970 | D        | Reached skill level 10 in Dodging
  2972 | D        | Killed a shining eye
  2973 | D        | Killed a shining eye
  2975 | D        | Killed a shining eye
  2976 | D        | Reached XP level 11. HP: 119/119 MP: 10/10
  3125 | D        | Noticed a shining eye
  3125 | D        | Noticed a shining eye
  3125 | D        | Gained mutation: Your muscles are strong. (Str +2) [a
                  | shining eye]
  3130 | D        | Gained mutation: You are frail. (-10% HP) [a shining eye]
  3131 | D        | Gained mutation: Potions cannot restore your health. [a
                  | shining eye]
  3135 | D        | Killed a shining eye
  3136 | D        | Reached skill level 10 in Armour
  3136 | D        | Killed a shining eye
  3305 | D        | Found Ladief's Magic Scroll Shop.
  3305 | D        | Found Ekun's Weapon Shoppe.
  3305 | D        | Found Yfug's Book Boutique.
  3305 | D        | Found Femm's Assorted Antiques.
  3324 | D        | Bought a scroll of blinking for 247 gold pieces
  3333 | D        | Bought a scroll of identify for 26 gold pieces
  3333 | D        | Bought a scroll of identify for 26 gold pieces
  3456 | D        | Paralysed by a floating eye for 4 turns
  3460 | D        | Received a gift from Trog
  3462 | D        | Reached skill level 19 in Axes
  3509 | D        | Received a gift from Trog
  3687 | D        | Noticed a lindwurm
  3694 | D        | Killed a lindwurm
  3695 | D        | Reached skill level 20 in Axes
  3951 | D        | Received a gift from Trog
  4028 | D        | Noticed a 12-headed hydra
  4032 | D        | Killed a 14-headed hydra
  4032 | D        | Received a gift from Trog
  4033 | D        | Reached skill level 21 in Axes
  4033 | D        | Reached skill level 1 in Shields
  4400 | D        | HP: 2/111 [something (18)]
  4402 | D        | Mangled by a lorocyproca

Illustrated notes

Levels and vault maps discovered:
D:        dungeon_sprint_1 [red_sonja_temple_1, red_sonja_temple_small_1]

Skill      XL: |  1  2  3  4  5  6  7  8  9 10 11 |
---------------+----------------------------------+-----
Fighting       | 5 8 10 11 13 14 16 18 19 | 19.7
Axes           | 5 8 11 12 13 15 16 18 21 | 21.0
Armour         | 3 4 5 6 7 9 11 | 11.0
Dodging        | 4 5 6 7 8 10 11 | 11.5
Evocations     | 2 3 4 5 6 7 8 9 |  9.6
Stealth        | 2 4 |  4.8
Shields        | 1 |  1.2

Action                   |  1- 3 |  4- 6 |  7- 9 | 10-12 || total
-------------------------+-------+-------+-------+-------++-------
Melee: Hand axe          |    13 |    17 |    56 |    22 ||   108
       Headbutt          |     3 |     5 |    22 |    30 ||    60
       War axe           |       |       |       |    15 ||    15
       Battleaxe         |       |       |       |    12 ||    12
       Punch             |       |       |       |     1 ||     1
       Executioner's axe |       |       |       |    57 ||    57
Invok: Berserk           |     2 |     3 |     4 |     8 ||    17
       Brothers in Arms  |       |       |       |     2 ||     2
Evoke: Wand              |     2 |       |     4 |     2 ||     8
  Use: Scroll            |       |       |     1 |     3 ||     4
       Potion            |       |       |       |     2 ||     2
 Stab: Paralysed         |       |       |     4 |       ||     4
Armor: Leather armour    |       |     1 |       |       ||     1
       Troll leather arm |       |       |     7 |       ||     7
       Plate armour      |       |       |     3 |    58 ||    61
       Skin              |       |       |       |     1 ||     1
Dodge: Dodged            |     2 |     2 |    13 |    29 ||    46
Block: Other             |       |       |       |     6 ||     6
